 Dungeon Crawl Stone Soup version 0.14-a0-1721-g84c87b2 (webtiles) character file.

1646 CrazyArbalest the Basher (level 8, -5/84 HPs)
             Began as an Ogre Berserker on Jan 2, 2014.
             Was a High Priest of Trog.
             Slain by a gnoll
             ... wielding a +0,+0 spear
              (8 damage)
             ... on Level 7 of the Dungeon.
             The game lasted 00:33:04 (6230 turns).

CrazyArbalest the Basher (Ogre Berserker)           Turns: 6230, Time: 00:33:04

HP  -5/84        AC  4     Str 23      XL: 8   Next: 69%
MP   9/9         EV 11     Int  8      God: Trog [*****.]
Gold 247         SH  0     Dex  9      Spells:  0 memorised,  7 levels left

rFire  . . .     SeeInvis .     x - +2,+3 orc mace
rCold  . . .     Clarity  .     H - +0 animal skin
rNeg   . . .     Conserve .     (shield restricted)
rPois  .         rCorr    .     (helmet restricted)
rElec  .         rRot     .     D - +0 elf cloak
SustAb . .       Spirit   .     (gloves unavailable)
rMut   .         Warding  .     (boots unavailable)
Saprov + . .     Stasis   .     (no amulet)
                                (no ring)
                                (no ring)

@: exhausted, slowed, very slow, somewhat resistant to hostile enchantments,
fairly stealthy
A: unfitting armour, fast metabolism 1, saprovore 1, tough skin 1
a: Burn Spellbooks, Berserk, Trog's Hand, Brothers in Arms, Renounce Religion


You were on level 7 of the Dungeon.
You worshipped Trog.
Trog was extremely pleased with you.
You were very hungry.

You visited 1 branch of the dungeon, and saw 7 of its levels.

You collected 247 gold pieces.

Inventory:

Hand weapons
 g - a +2,+0 mace of protection
 x - a +2,+3 orcish mace (weapon)
 C - a -1,+0 orcish flail
 O - a +0,+0 halberd
Armour
 b - a +0 animal skin
 D - a +0 elven cloak (worn)
 H - a +0 animal skin (worn)
Magical devices
 a - a wand of flame (0)
 y - a wand of disintegration (6)
 A - a wand of random effects (0)
 Q - a wand of frost (17)
Comestibles
 c - 4 meat rations
 f - a bread ration
 E - an apple
 M - 2 chokos
Scrolls
 d - 3 scrolls of magic mapping {unknown}
 e - 2 scrolls of remove curse
 h - 4 scrolls of identify {unknown}
 i - 2 scrolls of curse jewellery {unknown}
 j - 2 scrolls of blinking {unknown}
 l - 4 scrolls of immolation {unknown}
 m - a scroll of fear {unknown}
 o - 2 scrolls of recharging {unknown}
 q - 2 scrolls of teleportation {unknown}
 t - a scroll of enchant weapon I {unknown}
 F - a scroll of enchant armour {unknown}
 J - a scroll of curse weapon {unknown}
 L - 2 scrolls of fog {unknown}
Jewellery
 k - an uncursed amulet of rage {unknown}
 w - an uncursed ring of protection from magic {unknown}
 G - a cursed -4 ring of dexterity {unknown}
 N - an uncursed ring of sustain abilities {unknown}
 P - a cursed -2,-2 ring of slaying {unknown}
Potions
 p - a potion of mutation {unknown}
 s - a potion of curing {unknown}
 u - a potion of paralysis
 v - a potion of agility
 z - a potion of beneficial mutation {unknown}
 B - a potion of restore abilities
 I - 2 potions of speed
 K - a potion of flight {unknown}


   Skills:
 + Level 6.4 Fighting
 + Level 8.1 Maces & Flails
 * Level 4.7 Throwing
 + Level 6.1 Dodging
 + Level 2.1 Stealth
 + Level 1.0 Evocations


You had 7 spell levels left.
You didn't know any spells.

Dungeon Overview and Level Annotations

Branches:
Dungeon (7/16)             Temple (0/1) D:4

Altars:
Kikubaaqudgha
Nemelex Xobeh
Trog
Xom

Shops:
D:5 %


Innate Abilities, Weirdness & Mutations

You are too large for most types of armour.
You have a fast metabolism.
You can tolerate rotten meat.
You have tough skin (AC +1).


Message History

* * * LOW HITPOINT WARNING * * *
The gnoll hits you with a spear!
* * * LOW HITPOINT WARNING * * *
Use which ability? (? or * to list)
You fail to use your ability.
The gnoll barely misses you.
Use which ability? (? or * to list)
You fail to use your ability.
The gnoll hits you with a spear!
* * * LOW HITPOINT WARNING * * *
The gnoll closely misses you.
Drink which item? (? for menu, Esc to quit)
Okay, then.
Unknown command.
Unknown command.
Evoke which item? (* to show all) (? for menu, Esc to quit)
Zapping:
y - a wand of disintegration {zapped: 6}
Press: ? - help, Shift-Dir - straight line, f - gnoll
Aim: a gnoll, wielding a spear and wearing a ring mail The gnoll strains under the huge effort it takes to resist.
The gnoll hits you with a spear!
You die...

#......# #......#
#......##############
#...................#
#...................#
#...................#
#...................#
#...............)...#
#...........(((g@...#
#......##############
#..g...# .......#
.......# .......#
.......# .......#
.......#


You could see a gnoll.

Vanquished Creatures
  An ice beast (D:5)
  A sky beast (D:6)
  A black bear (D:7)
  An ogre (D:7)
  Sigmund (D:3)
  A centaur (D:7)
  A gnoll sergeant (D:7)
  2 jellies
  A giant frog (D:6)
  2 goliath beetles
  A crimson imp (D:5)
  A black bear skeleton (D:7)
  2 orc priests
  3 worker ants
  An iguana (D:6)
  3 orc wizards
  Ijyb (D:5)
  A hound skeleton (D:5)
  7 adders
  6 gnolls
  5 worms
  An adder zombie (D:5)
  A scorpion zombie (D:5)
  2 giant geckos
  13 orcs
  11 bats
  A bat skeleton (D:4)
  A bat zombie (D:5)
  7 giant cockroaches
  12 hobgoblins
  14 jackals
  2 quokkas
  2 ball pythons
  5 giant newts
  10 goblins
  15 kobolds
  11 rats
151 creatures vanquished.

Notes
Turn   | Place    | Note
--------------------------------------------------------------
     0 | D:1      | CrazyArbalest, the Ogre Berserker, began the quest for the Orb.
     0 | D:1      | Reached XP level 1. HP: 24/24 MP: 1/1
   159 | D:1      | Reached XP level 2. HP: 25/32 MP: 2/2
   333 | D:1      | Found a sparkling altar of Nemelex Xobeh.
   409 | D:1      | Acquired Trog's second power
   776 | D:2      | Reached XP level 3. HP: 39/39 MP: 3/3
  1510 | D:3      | Noticed Sigmund
  1530 | D:3      | Killed Sigmund
  1530 | D:3      | Reached skill level 5 in Maces & Flails
  1530 | D:3      | Reached skill level 1 in Throwing
  1530 | D:3      | Reached XP level 4. HP: 49/49 MP: 4/4
  1530 | D:3      | Reached XP level 5. HP: 55/55 MP: 5/5
  1600 | D:3      | Found a shimmering altar of Xom.
  2399 | D:4      | Reached XP level 6. HP: 62/65 MP: 6/6
  2438 | D:4      | Reached skill level 5 in Fighting
  2500 | D:4      | Found a bloodstained altar of Trog.
  2766 | D:4      | Paralysed by a potion of paralysis for 6 turns
  2795 | D:4      | Reached skill level 6 in Maces & Flails
  2809 | D:4      | Found an ancient bone altar of Kikubaaqudgha.
  3017 | D:4      | Found a staircase to the Ecumenical Temple.
  3418 | D:5      | Entered Level 5 of the Dungeon
  3434 | D:5      | Acquired Trog's third power
  3909 | D:5      | Noticed Ijyb
  3919 | D:5      | Reached skill level 5 in Dodging
  3919 | D:5      | Reached XP level 7. HP: 60/72 MP: 7/7
  3923 | D:5      | Killed Ijyb
  3940 | D:5      | Found Xievvobo's Food Boutique.
  4061 | D:5      | Reached skill level 1 in Stealth
  4892 | D:6      | HP: 1/108 [something (6)]
  5117 | D:6      | Reached skill level 7 in Maces & Flails
  5296 | D:6      | Reached XP level 8. HP: 51/81 MP: 8/8
  5977 | D:7      | Reached skill level 1 in Evocations
  6216 | D:7      | Reached skill level 8 in Maces & Flails
  6229 | D:7      | HP: 3/84 [gnoll/spear (7)]
  6230 | D:7      | Slain by a gnoll

Action                   |  1- 3 |  4- 6 |  7- 9 || total
-------------------------+-------+-------+-------++-------
Melee: Mace              |   112 |   253 |   183 ||   548
Throw: Tomahawk          |       |     8 |    19 ||    27
Invok: Berserk           |     1 |     2 |     3 ||     6
Evoke: Wand              |       |       |    15 ||    15
  Use: Potion            |       |     8 |     1 ||     9
       Scroll            |       |     2 |       ||     2
 Stab: Sleeping          |       |       |     3 ||     3
